 Dungeon Crawl Stone Soup version 0.28-a0-1493-g08698888e4 (webtiles) character file.

Game seed: 16800234654465336587

378 kae the Ruffian (level 6, 0/87 HPs)
             Began as a Troll Transmuter on Jan 12, 2022.
             Succumbed to Edmund's poison
             ... on level 4 of the Dungeon.
             The game lasted 00:02:03 (3166 turns).

kae the Ruffian (Troll Transmuter)                  Turns: 3166, Time: 00:02:03

Health: 0/87       AC: 23    Str: 19    XL:     6   Next: 45%
Magic:  8/8        EV:  1    Int: 11    God:
Gold:   146        SH:  0    Dex: 10    Spells: 8/9 levels left

rFire   . . .      SeeInvis .     - Unarmed
rCold   . . .      Faith    .   (no shield)
rNeg    . . .      Spirit   .   (armour currently unavailable)
rPois   +          Reflect  .   (helmet currently unavailable)
rElec   .          Harm     .   (cloak currently unavailable)
rCorr   .          Rampage  .   (gloves unavailable)
Will    .....      NoTele   +   (boots unavailable)
Stlth   +.........              (no amulet)
HPRegen 1.04/turn               (no ring)
MPRegen 0.11/turn               (no ring)

@: lethally poisoned (0 -> -5), tree-form
A: stationary, stasis, torment immunity, boosted hp, large, unfitting armour,
(claws 3), regeneration 1, (shaggy fur 1), (tough skin 1)
a: no special abilities


You were on level 4 of the Dungeon.
You were a tree.
You visited 1 branch of the dungeon, and saw 4 of its levels.
You also visited: Sewer.

You collected 146 gold pieces.

Inventory:

Armour
 a - a +1 robe (melded)
Wands
 e - a wand of digging (4)
 m - a wand of iceblast (12)
Scrolls
 f - a scroll of immolation {unknown}
 h - 2 scrolls of teleportation
 j - 2 scrolls of fear
 k - a scroll of identify
 n - a scroll of enchant armour
Potions
 b - a potion of cancellation
 c - a potion of mutation
 d - 3 potions of lignification
 g - a potion of flight {unknown}
 i - a potion of heal wounds {unknown}
 l - a potion of might {unknown}


   Skills:
 + Level 2.3 Fighting
 - Level 1.5 Dodging
 * Level 5.2 Unarmed Combat
 + Level 2.1 Spellcasting
 + Level 2.6 Transmutations


You had 8 spell levels left.
You knew the following spells:

 Your Spells              Type           Power      Damage    Failure   Level
a - Beastly Appendage     Tmut           12%        N/A       10%         1

Your spell library contained the following spells:

 Spells                   Type           Power      Damage    Failure   Level
 Wereblood                Tmut           6%         N/A       16%         2
 Spider Form              Tmut/Pois      4%         N/A       45%         3
 Confusing Touch          Hex            1%         N/A       65%         3
 Ice Form                 Ice/Tmut       4%         N/A       86%         4
 Yara's Violent Unravell  Hex/Tmut       2%         3d3       99%         5
 Enfeeble                 Hex            0%         N/A       100%        7


Dungeon Overview and Level Annotations

Branches:
Dungeon (4/15)              Sewer (visited)
 Temple: D:4-7

Altars:

Annotations:
D:4 Edmund


Innate Abilities, Weirdness & Mutations

You are a tree.
Your roots penetrate the ground, keeping you stationary.
You cannot be teleported.
You are immune to unholy pain and torment.
Your maximum health is greatly increased.
Your equipment is partially melded.
You are too large for most types of armour.
((You have claws for hands.))
Your natural rate of healing is unusually fast.
((You are covered in fur. (AC +1)))
((You have tough skin. (AC +1)))


Message History

You are too injured to fight recklessly!
You are too injured to fight recklessly!
There are monsters nearby!
You are too injured to fight recklessly!
You are too injured to fight recklessly!
You feel very sick. The dart slug launches a dart at you.
The slug dart misses you.
You feel very sick. The dart slug launches a dart at you.
The slug dart hits you but does no damage.
You feel sick.
Your transformation is almost over.
You feel sick.
Edmund hits you with a +1 dire flail of venom!
You are more poisoned.
You see here a +0 club.
You feel very sick.
You feel very sick.
You feel very sick.
There is a stone staircase leading down here.
You feel very sick.
You feel sick.
Okay, then.
It was a potion of lignification.
Your horns disappear.
Your talons disappear.
You turn into a tree.
Your +1 robe melds into your body.
Your roots penetrate the ground.
You feel sick.
You smack Edmund!
Edmund is moderately wounded.
You feel sick.
Edmund hits you with a +1 dire flail of venom!
* * * LOW HITPOINT WARNING * * *
You barely miss Edmund.
Edmund is moderately wounded.
You feel sick. Edmund hits you but does no damage.
You are lethally poisoned!
You pummel Edmund!!
Edmund is severely wounded.
You die...

#..#...# #.....
###.##..##########
#......#.........#
#.###.###..#.#######.#
#.....# #..#.# #.#
#####.###.##.# #.#
#.....##.# #.#
######.####)# #.#
#...♣..####.# #..
#..@........# ##.
#.>########## #. #..#
#. #..# #. #.)# #.
#..###### #.
###........# #.
##....#####.# #.


You could see Edmund.

Vanquished Creatures
  A scorpion (D:4)
  2 orc priests (D:3)
  Terence (D:2)
  Ijyb (D:3)
  2 orc wizards (D:3)
  A gnoll (D:1)
  5 adders
  3 river rats (Sewer)
  A worm (D:2)
  2 dart slugs (D:1)
  4 orcs (D:3)
  6 ball pythons
  5 bats
  An endoplasm (D:1)
  7 goblins
  3 hobgoblins
  3 jackals (D:1)
  4 kobolds
  6 quokkas
  12 frilled lizards
  16 rats
86 creatures vanquished.

Notes
Turn   | Place    | Note
-------+----------+-------------------------------------------
     0 | D:1      | kae the Troll Transmuter began the quest for the Orb.
     0 | D:1      | Reached XP level 1. HP: 18/18 MP: 1/1
   100 | D:1      | Reached skill level 1 in Fighting
   100 | D:1      | Reached XP level 2. HP: 27/27 MP: 0/3
   566 | D:1      | Found a faded altar of an unknown god.
   579 | D:1      | Reached XP level 3. HP: 28/30 MP: 2/4
  1434 | D:2      | Noticed Terence
  1444 | D:2      | Killed Terence
  1445 | D:2      | Reached skill level 4 in Unarmed Combat
  1445 | D:2      | Reached XP level 4. HP: 4/36 MP: 5/5
  1877 | D:3      | Noticed Ijyb
  1890 | D:3      | Killed Ijyb
  1893 | D:3      | Reached XP level 5. HP: 38/49 MP: 6/6
  1927 | D:3      | Found a glowing drain.
  1949 | Sewer    | Entered a sewer
  2372 | D:3      | Reached XP level 6. HP: 52/57 MP: 6/8
  2376 | D:3      | Reached skill level 5 in Unarmed Combat
  3145 | D:4      | Noticed Edmund
  3164 | D:4      | HP: 2/87 [Edmund (7)]
  3166 | D:4      | Succumbed to Edmund's poison

Illustrated notes

Levels and vault maps discovered:
D:1:      onia_arrival_pentagram, layout_loops_corners,
          hellmonk_ecumenical_altar_dog_temple
D:2:      layout_basic, uniq_terence
D:3:      layout_loops_ring, portal_sewer_entry_f, uniq_ijyb
D:4:      layout_loops_ring, chequers_serial_rivers_micro_b, skrybe_limestone_x,
          uniq_crazy_yiuf_cottage, uniq_edmund

Skill      XL: |  1  2  3  4  5  6 |
---------------+-------------------+-----
Fighting       | 1 2 |  2.3
Unarmed Combat | 4 5 |  5.2
Transmutations | 2 |  2.6
Spellcasting   | 2 |  2.1
Dodging        | |  1.5

Action                   |  1- 3 |  4- 6 || total
-------------------------+-------+-------++-------
Melee: Unarmed           |    88 |   131 ||   219
       Kick              |     2 |     6 ||     8
       Headbutt          |     1 |     3 ||     4
       Punch             |     1 |     2 ||     3
 Cast: Beastly Appendage |    12 |     7 ||    19
  Use: Scroll            |     6 |     5 ||    11
       Potion            |       |     1 ||     1
Armor: Robe              |    58 |    46 ||   104
       Skin              |       |     1 ||     1
Dodge: Dodged            |    48 |    34 ||    82

Table legend: (Time is in decaauts)
 A = Elapsed time spent in this place.
 B = Non-inter-level travel time spent in this place.
 C = Inter-level travel time spent in this place.
 D = Time resting spent in this place.
 E = Time spent auto-exploring this place.
 F = Levels seen in this place.
 G = Mean time per level.
                   A        B        C        D        E       F      G
               +--------+--------+--------+--------+--------+-----+--------+
         Total |   3207 |   3012 |    195 |     56 |   2321 |   5 |  641.4 |
       Dungeon |   2807 |   2612 |    195 |     56 |   2091 |   4 |  701.8 |
         Sewer |    399 |    399 |      0 |      0 |    230 |   1 |  399.0 |
               +--------+--------+--------+--------+--------+-----+--------+

Top non-repeatable levels by time:
     D:1: 1143 daAuts
     D:3: 691 daAuts
     D:2: 665 daAuts
   Sewer: 399 daAuts
     D:4: 307 daAuts
